 Dungeon Crawl Stone Soup version 0.28-a0-1033-g1a2f33fa85 (webtiles) character file.

Game seed: 6043030009189102025

4330 Mamutox the Covert (level 10, -1/49 HPs)
             Began as a Spriggan Brigand on Dec 7, 2021.
             Was a Follower of Dithmenos.
             Slain by an orc warrior (12 damage)
             ... in a bailey.
             The game lasted 01:35:29 (20646 turns).

Mamutox the Covert (Spriggan Brigand)              Turns: 20646, Time: 01:35:29

Health: -1/49      AC:  3    Str:  7    XL:     10   Next: 12%
Magic:  17/18      EV: 23    Int: 20    God:    Dithmenos [*.....]
Gold:   455        SH:  0    Dex: 20    Spells: 16/19 levels left

rFire   . . .      SeeInvis +   u - +3 dagger (holy)
rCold   . . .      Faith    .   (shield restricted)
rNeg    . . .      Spirit   .   b - +0 robe
rPois   .          Reflect  .   (helmet restricted)
rElec   .          Harm     .   c - +0 cloak
rCorr   .          Rampage  .   (gloves unavailable)
Will    +....                   (boots unavailable)
Stlth   ++++++....              (no amulet)
HPRegen 0.16/turn               i - +4 ring of slaying
MPRegen 0.16/turn               A - +6 ring of intelligence

@: mighty, flying, wreathed by umbra, very quick
A: very small, no large weapons, unfitting armour, see invisible, speed 3
a: Renounce Religion


You were in a bailey.
You worshipped Dithmenos.
Dithmenos was aware of your devotion.
You visited 2 branches of the dungeon, and saw 11 of its levels.
You also visited: Bailey.

You collected 455 gold pieces.

Inventory:

Hand Weapons
 q - a +0 hunting sling
 s - a +0 short sword of venom
 u - a +3 dagger of holy wrath (weapon)
Missiles
 e - a curare-tipped dart
 k - 234 arrows
 r - 338 stones
 x - 16 bolts
 y - 6 poisoned darts
 E - 3 throwing nets
 G - 32 sling bullets
 M - 6 boomerangs (quivered)
Armour
 b - a +0 robe (worn)
 c - a +0 cloak (worn)
Jewellery
 g - a ring of poison resistance
 i - a +4 ring of slaying (left hand)
 A - a +6 ring of intelligence (right hand)
 H - a +6 ring of dexterity
 K - a ring of willpower
Wands
 v - a wand of acid (15)
 C - a wand of flame (26)
 J - a wand of iceblast (17)
Scrolls
 a - a scroll of holy word {unknown}
 f - a scroll of summoning {unknown}
 h - a scroll of blinking {unknown}
 j - 7 scrolls of enchant weapon
 n - 8 scrolls of teleportation
 p - 7 scrolls of immolation
 B - a scroll of fear {unknown}
 F - 3 scrolls of vulnerability
 N - a scroll of fog {unknown}
Potions
 d - 2 potions of lignification
 l - 2 potions of invisibility
 m - 2 potions of attraction
 o - a potion of curing
 t - a potion of heal wounds
 w - 2 potions of berserk rage
 D - a potion of mutation
 I - a potion of brilliance {unknown}


   Skills:
 - Level 3.3 Fighting
 + Level 7.1 Short Blades
 + Level 7.1 Throwing
 + Level 8.0 Dodging
 - Level 10.1 Stealth
 - Level 5.0 Spellcasting
 - Level 4.3 Hexes
 - Level 2.4 Invocations
 - Level 4.3 Evocations


You had 16 spell levels left.
You knew the following spells:

 Your Spells              Type           Power      Damage    Failure   Level
a - Ensorcelled Hibernat  Hex/Ice        26%        N/A       7%          2
b - Summon Small Mammal   Summ           20%        N/A       12%         1

Your spell library contained the following spells:

 Spells                   Type           Power      Damage    Failure   Level
 Summon Guardian Golem    Hex/Summ       13%        N/A       14%         3
 Call Canine Familiar     Summ           5%         N/A       34%         3
 Spider Form              Tmut/Pois      5%         N/A       34%         3


Dungeon Overview and Level Annotations

Branches:
Dungeon (10/15)            Temple (1/1) D:6          Bailey (1/1)
   Lair: D:8-11         Orc: D:9-12

Altars:
Ashenzari
Cheibriados
Dithmenos
Elyvilon
Fedhas
Gozag
Hepliaklqana
Kikubaaqudgha
Makhleb
Nemelex Xobeh
Okawaru
Qazlal
Ru
Sif Muna
Trog
Uskayaw
Vehumet
Wu Jian
Xom
Yredelemnul
Zin
The Shining One

Shops:
D:2 (


Innate Abilities, Weirdness & Mutations

You are very small and have problems with some larger weapons.
You are too small for most types of armour.
You have supernaturally acute eyesight. (SInv)
You cover ground extremely quickly. (Speed+++)


Message History

You hit the orc.
You kill the orc!
Dithmenos accepts your kill.
The centaur throws a javelin.
The javelin closely misses you.
Okay, then.
Okay, then.
Okay, then.
You feel very buoyant.
You fly up into the air.
The centaur throws a javelin.
The javelin pierces through you! The orc misses you.
Okay, then.
You feel very mighty all of a sudden.
The centaur throws a javelin.
The javelin completely misses you.
The javelin pierces through the orc!
The orc dies!
The orc completely misses you. The orc closely misses you.
The centaur throws a javelin.
The javelin completely misses you.
An orc comes into view. It is wielding a +0 trident.
The centaur throws a javelin.
The javelin completely misses you.
The centaur throws a javelin.
The javelin barely misses you.
The centaur throws a javelin.
The javelin completely misses you.
You catch the helpless orc completely off-guard!
You skewer the orc like a kebab!!!
You kill the orc!
Dithmenos accepts your kill.
There is an open door here.
The centaur throws a javelin.
The javelin pierces through you!
The centaur throws a javelin.
The javelin completely misses you.
An orc warrior comes into view. It is wielding a +0 halberd.
The orc warrior shouts!
The centaur throws a javelin.
The javelin closely misses you.
An orc comes into view. It is wielding a +0 spear.
The orc warrior completely misses you.
There is a fountain of clear blue water here.
The orc warrior hits you from afar with a +0 halberd!
* * * LOW HITPOINT WARNING * * *
The orc shouts!
The orc warrior hits you from afar with a +0 halberd!
You die...

#≈c.#.≈.≈.≈.⌠∩⌠.≈.≈.≈
#≈..#.≈.≈.≈≈...≈≈.≈.≈
#≈..# ≈.≈≈.≈...≈.≈≈.≈
#≈..# ≈≈.≈.≈≈≈≈≈.≈.≈≈
#≈..##.≈.≈≈.....≈≈.≈.
#≈..⌠#.≈≈.≈≈≈.≈≈≈.≈≈.
#≈o..#..≈≈oo≈.≈..≈≈..
#≈...# #≈..@# #≈....#
##...... ##...o...
##........ #########


You could see an orc warrior and an orc.

Vanquished Creatures
  A cyclops (D:7)
  A troll (D:7)
  Grinder (D:4)
  A wyvern (D:10)
  A wraith (D:9)
  Menkaure (D:5)
  Duvessa (D:7)
  2 water moccasins (D:6)
  3 orc warriors
  3 sky beasts
  A hornet zombie (D:9)
  An ice beast (D:6)
  A necrophage (D:6)
  2 centaurs
  3 ogres
  A phantom (D:5)
  A gnoll sergeant (D:9)
  A water moccasin skeleton (D:6)
  Dowan (D:7)
  5 wights
  A howler monkey (D:6)
  A bullfrog zombie (D:5)
  2 centaur zombies (D:7)
  2 hounds
  2 jellies
  A gnoll shaman (D:5)
  2 orc priests
  2 bullfrog skeletons (D:5)
  2 centaur skeletons
  3 iguanas
  Jessica (D:3)
  7 orc wizards
  A hound skeleton (D:5)
  9 gnolls
  A howler monkey skeleton (D:7)
  3 howler monkey zombies
  6 adders
  A shadow imp (D:6)
  3 white imps
  An ufetubus (D:5)
  4 worms
  2 adder skeletons (D:5)
  2 dart slugs
  36 orcs
  7 bats
  4 endoplasms (D:3)
  2 giant cockroaches (D:2)
  14 hobgoblins
  3 quokkas
  2 ball pythons
  7 frilled lizards
  9 goblins
  10 kobolds
  4 rats
189 creatures vanquished.

Vanquished Creatures (others)
  An orc (Bailey)
  37 plants (D:2)
38 creatures vanquished.

Grand Total: 227 creatures vanquished

Notes
Turn   | Place    | Note
-------+----------+-------------------------------------------
     0 | D:1      | Mamutox the Spriggan Brigand began the quest for the Orb.
     0 | D:1      | Reached XP level 1. HP: 10/10 MP: 2/2
    40 | D:1      | Reached skill level 6 in Stealth
   211 | D:1      | Found a faded altar of an unknown god.
   213 | D:1      | Reached XP level 2. HP: 14/14 MP: 3/3
  1123 | D:1      | Reached skill level 7 in Stealth
  1457 | D:2      | Reached XP level 3. HP: 17/18 MP: 4/4
  1907 | D:2      | Found Lonoosats's Antique Weapon Shoppe.
  2472 | D:3      | Reached XP level 4. HP: 9/22 MP: 5/5
  2760 | D:3      | Noticed Jessica
  2901 | D:3      | Killed Jessica
  3627 | D:3      | Reached XP level 5. HP: 6/25 MP: 6/6
  4573 | D:4      | Learned a level 2 spell: Ensorcelled Hibernation
  5282 | D:4      | Reached skill level 1 in Spellcasting
  5282 | D:4      | Reached skill level 1 in Hexes
  5449 | D:4      | Noticed an ogre
  5452 | D:4      | Killed an ogre
  5453 | D:4      | Reached XP level 6. HP: 30/30 MP: 7/9
  5566 | D:4      | Noticed Grinder
  5869 | D:4      | Paralysed by Grinder for 5 turns
  6844 | D:5      | Entered Level 5 of the Dungeon
  6858 | D:5      | Noticed Menkaure
  7658 | D:5      | Noticed a sky beast
  7658 | D:5      | Noticed an orc warrior
  7779 | D:5      | Reached XP level 7. HP: 27/33 MP: 11/11
  8836 | D:5      | Reached skill level 5 in Dodging
  9745 | D:6      | Found a staircase to the Ecumenical Temple.
  9751 | Temple   | Entered the Ecumenical Temple
  9940 | Temple   | Became a worshipper of Dithmenos the Shadowed
 10076 | D:6      | Reached skill level 5 in Short Blades
 10492 | D:6      | Reached XP level 8. HP: 33/37 MP: 14/14
 12002 | D:6      | Reached skill level 5 in Throwing
 12527 | D:7      | Noticed a troll
 12672 | D:7      | Noticed Duvessa
 12672 | D:7      | Noticed Dowan
 12710 | D:7      | Reached skill level 8 in Stealth
 13005 | D:7      | Noticed a cyclops
 13605 | D:7      | Killed a cyclops
 13606 | D:7      | Reached skill level 9 in Stealth
 13868 | D:7      | Reached * piety under Dithmenos
 13869 | D:7      | Reached skill level 1 in Invocations
 13869 | D:7      | Reached skill level 1 in Evocations
 13869 | D:7      | Reached XP level 9. HP: 40/44 MP: 16/16
 14684 | D:7      | Killed Duvessa
 14977 | D:7      | Killed a troll
 15691 | D:7      | Killed Dowan
 16692 | D:5      | Reached skill level 10 in Stealth
 16738 | D:5      | Killed Menkaure
 16739 | D:5      | Reached skill level 5 in Spellcasting
 17508 | D:4      | Killed Grinder
 18664 | D:8      | Learned a level 1 spell: Summon Small Mammal
 19338 | D:8      | Found an ornate altar of the Wu Jian Council.
 19521 | D:8      | Reached ** piety under Dithmenos
 19680 | D:9      | Reached XP level 10. HP: 45/49 MP: 13/18
 20288 | D:10     | Entered Level 10 of the Dungeon
 20550 | D:10     | Found a flagged portal.
 20601 | Bailey   | Entered a bailey
 20646 | Bailey   | Slain by an orc warrior

Illustrated notes

Levels and vault maps discovered:
D:1:      evilmike_arrival_hilbert_curve, layout_loops_ring,
          chequers_ecumenical_altar_simple, supply_closet_lemuel,
          minmay_misc_feat_plants, grunt_decor_one_mirror
D:2:      layout_loops_ring, serial_shops, nicolae_shop_crystal,
          serial_bayou_lagoon_a
D:3:      layout_rooms, minmay_puff, uniq_jessica, uniq_robin
D:4:      layout_gridville, serial_glass, glass_columns_b, glass_columns_c,
          uniq_grinder
D:5:      minmay_opposing_rooms, layout_loops_corners, uniq_menkaure
D:6:      layout_cave_pods, minmay_temple_entry_ruins, nicolae_benzene_ring
D:7:      layout_loops_ring, minmay_liquid_box, minmay_parallelograms,
          uniq_duvessa
D:8:      layout_loops_ring, kennysheep_little_box, eino_tiny_chamber,
          hangedman_abyss_or_decor_passed
D:9:      layout_irregular_city, minivault_19
D:10:     layout_basic, enter_bailey_2, hangedman_decor_points
Temple:   nicolae_temple_the_god_donut
Bailey:   bailey_polearm_flooded_kennysheep, bailey

Skill      XL: |  1  2  3  4  5  6  7  8  9 10 |
---------------+-------------------------------+-----
Stealth        | 6 7 9 10 | 10.1
Dodging        | 2 3 4 5 6 7 8 |  8.0
Short Blades   | 3 4 5 6 7 |  7.1
Throwing       | 3 4 5 6 7 |  7.1
Spellcasting   | 1 2 3 4 5 |  5.0
Hexes          | 1 2 3 4 |  4.3
Fighting       | 3 |  3.3
Invocations    | 1 2 |  2.4
Evocations     | 1 4 |  4.3

Action                   |  1- 3 |  4- 6 |  7- 9 | 10-12 || total
-------------------------+-------+-------+-------+-------++-------
Melee: Dagger            |    90 |   204 |   286 |    60 ||   640
Throw: Dart              |    31 |    78 |    67 |       ||   176
       Stone             |       |     7 |    77 |     4 ||    88
       Boomerang         |       |     3 |     7 |     3 ||    13
 Cast: Ensorcelled Hiber |       |       |    50 |     2 ||    52
Invok: Shadow Step       |       |       |       |     1 ||     1
  Use: Scroll            |       |       |    12 |     1 ||    13
       Potion            |       |       |       |     2 ||     2
 Stab: Sleeping          |    15 |     8 |    29 |     2 ||    54
       Distracted        |     2 |       |     3 |     1 ||     6
Armor: Robe              |     6 |     7 |    22 |     1 ||    36
Dodge: Dodged            |    49 |   113 |   208 |    51 ||   421

Table legend: (Time is in decaauts)
 A = Elapsed time spent in this place.
 B = Non-inter-level travel time spent in this place.
 C = Inter-level travel time spent in this place.
 D = Time resting spent in this place.
 E = Time spent auto-exploring this place.
 F = Levels seen in this place.
 G = Mean time per level.
                   A        B        C        D        E       F      G
               +--------+--------+--------+--------+--------+-----+--------+
         Total |  15277 |  15150 |    127 |   5694 |   3696 |  12 | 1273.1 |
       Dungeon |  15130 |  15003 |    127 |   5694 |   3696 |  10 | 1513.0 |
        Temple |    118 |    118 |      0 |      0 |      0 |   1 |  118.0 |
        Bailey |     28 |     28 |      0 |      0 |      0 |   1 |   28.0 |
               +--------+--------+--------+--------+--------+-----+--------+

Top non-repeatable levels by time:
     D:7: 3000 daAuts
     D:5: 2811 daAuts
     D:6: 2096 daAuts
     D:4: 2053 daAuts
     D:3: 1444 daAuts
     D:2: 1143 daAuts
     D:1: 988 daAuts
     D:8: 944 daAuts
     D:9: 441 daAuts
    D:10: 205 daAuts
  Temple: 118 daAuts
  Bailey: 28 daAuts
